AoeStats
← saioa08

Black Forest

510087655Analyzed
2v2 RM · 1d ago on Sep 29, 2026· 51m 34s· 4 players
Game mode
Random Map
Map size
Medium (4 player)
Population
200
Speed
Normal
Resources
Standard
Victory
Conquest
Starting age
Dark Age
Ending age
Imperial Age
RankedLock teamsTeams togetherTeam positionsShared explorationLock speedFull tech treeHidden civsTurbo modeCheats
Victory
Defeat
🇺🇸 Britons · United States
607
+11
🇺🇸 Britons · United States
520
+14
🇮🇳 Persians · India
586
-16
🇪🇸 Spanish · Spain
394
-9
BigPapaPump
12:34 Feudal Age
13:58 Wheelbarrow
13:24 Double-Bit Axe
22:03 Stone Mining
22:05 Gold Mining
25:07 Castle Age
25:36 Padded Archer Armor
25:27 Fletching
25:48 Forging
25:38 Scale Mail Armor
25:44 Scale Barding Armor
26:54 Hand Cart
28:48 Bow Saw
29:43 Caravan
30:46 Gold Shaft Mining
31:11 Horse Collar
32:28 Heavy Plow
33:53 Leather Archer Armor
33:34 Bodkin Arrow
34:05 Treadmill Crane
34:46 Ballistics
40:12 Imperial Age
38:38 Chain Barding Armor
38:34 Chain Mail Armor
38:26 Pikeman
39:07 Squires
38:29 Elite Skirmisher
39:12 Husbandry
38:32 Light Cavalry
41:00 Iron Casting
40:25 Murder Holes
40:46 Fortified Wall
40:32 Town Watch
40:33 Loom
41:56 Conscription
41:57 Yeomen
41:38 Warwolf
42:56 Halberdier
43:20 Cavalier
45:52 Ring Archer Armor
45:22 Bracer
45:25 Elite Longbowman
48:05 Town Patrol
KingJerold22
14:58 Feudal Age
15:33 Double-Bit Axe
15:52 Horse Collar
17:07 Gold Mining
23:01 Castle Age
24:41 Heavy Plow
25:28 Bow Saw
26:55 Wheelbarrow
26:36 Stone Mining
27:31 Gold Shaft Mining
29:45 Hand Cart
35:11 Imperial Age
34:05 Fortified Wall
34:15 Man-at-Arms
34:19 Pikeman
35:55 Warwolf
35:19 Halberdier
35:46 Gambesons
36:01 Squires
35:46 Arson
37:48 Two-Man Saw
38:02 Siege Engineers
38:34 Yeomen
38:17 Arrowslits
38:54 Ballistics
39:44 Conscription
40:42 Fletching
40:52 Padded Archer Armor
41:41 Elite Longbowman
41:55 Long Swordsman
42:21 Arson
41:58 Crossbowman
41:58 Elite Skirmisher
42:00 Cranequins
42:53 Two-Handed Swordsman
43:37 Husbandry
44:23 Bodkin Arrow
44:43 Leather Archer Armor
46:07 Bracer
46:37 Ring Archer Armor
47:11 Chemistry
46:22 Masonry
47:41 Murder Holes
47:59 Forging
47:49 Scale Mail Armor
47:54 Scale Barding Armor
47:43 Champion
50:50 Arbalester
50:50 Heavy Mounted Crossbowman
50:52 Cavalier
csanmiguel90
15:04 Feudal Age
15:45 Horse Collar
22:45 Castle Age
21:24 Double-Bit Axe
24:20 Scale Mail Armor
24:27 Scale Barding Armor
26:43 Bow Saw
26:29 Gold Mining
28:11 Heavy Plow
29:37 Stone Mining
31:01 Stone Shaft Mining
35:08 Imperial Age
35:19 Wheelbarrow
34:32 Town Watch
34:12 Man-at-Arms
34:38 Gambesons
34:54 Squires
34:40 Arson
36:52 Two-Man Saw
36:31 Fortified Wall
37:32 Chemistry
37:40 Conscription
38:30 Hand Cart
38:55 Town Patrol
40:24 Fortified Wall
42:26 Pikeman
42:27 Long Swordsman
44:28 Chain Barding Armor
44:24 Chain Mail Armor
44:38 Padded Archer Armor
44:50 Murder Holes
45:06 Masonry
44:50 Guard Tower
47:38 Two-Handed Swordsman
47:48 Elite Conquistador
saioa08
11:25 Feudal Age
19:54 Castle Age
32:13 Imperial Age
30:19 Wheelbarrow
32:51 Double-Bit Axe
33:53 Bow Saw
33:34 Horse Collar
34:33 Hand Cart
35:52 Two-Man Saw
35:43 Caravan
36:13 Coinage
36:11 Heavy Plow
36:48 Loom
37:49 Crop Rotation
38:16 Hoardings
39:23 Hoardings
39:04 Elite War Elephant
41:24 Murder Holes
41:20 Guard Tower
41:41 Masonry
41:21 Heated Shot
41:52 Ballistics
42:33 Chemistry
42:13 Parthian Tactics
Connection lost

Rejoining the realm…

Still unreachable

The connection could not be restored.

Session expired

The server has moved on; the page needs a fresh start.